 Dungeon Crawl Stone Soup version 0.22-a0-355-g201945f (console) character file.

511 bli the Chiller (level 7, -18/52 HPs)
             Began as a Merfolk Ice Elementalist on Apr 17, 2018.
             Demolished by an ogre
             ... wielding a +0 giant club
              (25 damage)
             ... on level 4 of the Dungeon.
             The game lasted 00:26:00 (5610 turns).

bli the Chiller (Merfolk Ice Elementalist)          Turns: 5610, Time: 00:26:01

Health: -18/52     AC:  2    Str: 10    XL:     7   Next: 19%
Magic:  6/12       EV: 15    Int: 14    God:
Gold:   245        SH:  0    Dex: 15    Spells: 9/13 levels left

rFire    . . .     SeeInvis .   F - +0 trident
rCold    . . .     Gourm    .   (no shield)
rNeg     . . .     Faith    .   u - +0 robe
rPois    .         Spirit   .   B - +0 hat
rElec    .         Reflect  .   (no cloak)
rCorr    +         Harm     .   (no gloves)
MR       .....                  (no boots)
Stlth    ++........             (no amulet)
HPRegen  0.17/turn              s - ring of resist corrosion
MPRegen  0.13/turn              (no ring)

@: no status effects
A: change form in water, swift swim, stealthy swim
a: no special abilities


You were on level 4 of the Dungeon.
You were not hungry.

You visited 1 branch of the dungeon, and saw 4 of its levels.
You also visited: Sewer.

You collected 245 gold pieces.

Inventory:

Hand Weapons
 a - a +0 trident
 d - a +0 dagger
 i - a +0 short sword
 l - a +0 blowgun
 C - a +0 hunting sling of flaming
 F - a +0 trident (weapon)
 G - a +0 dagger of protection
Missiles
 e - 84 stones
 o - 5 tomahawks of returning
 v - 2 javelins (quivered)
 D - 3 poisoned needles
Armour
 h - a +0 leather armour
 u - a +0 robe (worn)
 B - a +0 hat (worn)
Jewellery
 s - a ring of resist corrosion (left hand)
Wands
 H - a wand of flame (24)
Scrolls
 b - a scroll of identify
 g - a scroll of remove curse
 n - a scroll of amnesia {unknown}
 q - 3 scrolls of immolation
 r - 6 scrolls of teleportation {unknown}
 t - a scroll of noise {unknown}
 y - a scroll of fear {unknown}
 A - a scroll of vulnerability {unknown}
Potions
 f - 2 potions of degeneration {unknown}
 j - 2 potions of curing {unknown}
 k - 3 potions of heal wounds {unknown}
 m - 2 potions of mutation {unknown}
 p - a potion of berserk rage {unknown}
 x - 3 potions of flight {unknown}
 z - a potion of invisibility {unknown}
 E - a potion of magic
Comestibles
 c - 17 rations
 w - a chunk of flesh


   Skills:
 * Level 3.4 Fighting
 + Level 1.9 Polearms
 * Level 4.6 Dodging
 + Level 3.2 Stealth
 + Level 3.8 Spellcasting
   Level 0.7 Conjurations
 + Level 0.7 Charms
 - Level 5.0 Ice Magic


You had 9 spell levels left.
You knew the following spells:

 Your Spells              Type           Power        Failure   Level  Hunger
a - Freeze                Ice            ###.         2%          1    None
O - Ozocubu's Armour      Chrm/Ice       ##......     19%         3    ###....


Dungeon Overview and Level Annotations

Branches:
Dungeon (4/15)
 Temple: D:4-7

Altars:
Makhleb
Qazlal


Message History

The ogre misses you.
You puncture the ogre!
The ogre is severely wounded.
The ogre hits you with a giant club.
You barely miss the ogre.
The ogre is severely wounded.
The ogre hits you with a giant club!
You barely miss the ogre.
The ogre is severely wounded.
The ogre hits you with a giant club!!
* * * LOW HITPOINT WARNING * * *
Casting: Freeze (safe; 2% risk of failure)
Confirm with . or Enter, or press ? or * to list all spells.
Aiming: Freeze (safe; 2% risk of failure)
Press: ? - help, Shift-Dir - straight line, f/p - ogre
Aim: an ogre, wielding a giant club (severely wounded)
You freeze the ogre.
The ogre is almost dead.
The ogre hits you with a giant club!!
You die...

#.# ####.###.####.#.# ######.#
##'###'####.#.#
#......########........##.#.###
###.............'...<....+...)...
.........########........##)#.##.
.....###.# ##..........#.##.
.........# ###.....####.##.
####.###### #.....# #.##.
#........# ##### #.....# #.##.
#........###...########## #.#..
#..>.....'.'...@........ #.#..
#........###..O######### #.#.#..
##........# #.......?.# #.#.#..
..........# #.........# #.#.#..
...##########....l....# #.#.#..
...# #...............# #.#.#..
...# #.........#.#O..# #.#.#..
...# #.....[...#.#..... #.#.#..
...# #.......###.# #... #...##.
...# #.......# _# . ##..... ...#
#.......# ## #..##.


You could see an ogre.

Vanquished Creatures
  A scorpion (D:4)
  A howler monkey (D:4)
  3 orc wizards (D:4)
  A howler monkey skeleton (D:4)
  7 gnolls (D:4)
  2 river rats (D:3)
  5 adders
  6 oozes
  7 worms
  3 dart slugs
  3 leopard geckos
  17 orcs
  8 giant cockroaches
  12 hobgoblins
  12 jackals
  15 kobolds
  3 quokkas
  6 ball pythons
  7 bats
  9 frilled lizards
  3 goblins (D:2)
  8 rats
139 creatures vanquished.

Notes
Turn   | Place    | Note
-------+----------+-------------------------------------------
     0 | D:1      | bli the Merfolk Ice Elementalist began the quest for the Orb.
     0 | D:1      | Reached XP level 1. HP: 13/13 MP: 3/3
   314 | D:1      | Reached XP level 2. HP: 19/20 MP: 1/5
   889 | D:1      | Reached skill level 1 in Fighting
  1164 | D:2      | Reached XP level 3. HP: 26/26 MP: 3/6
  1175 | D:2      | Learned a level 3 spell: Ozocubu's Armour
  1684 | D:2      | Reached skill level 4 in Ice Magic
  1915 | D:2      | Reached XP level 4. HP: 19/32 MP: 3/7
  2985 | D:3      | Reached XP level 5. HP: 32/38 MP: 7/9
  3086 | D:3      | Found a glowing drain.
  3101 | Sewer    | Entered a sewer
  4168 | D:4      | Reached skill level 1 in Polearms
  4241 | D:4      | Reached XP level 6. HP: 43/46 MP: 0/10
  4903 | D:4      | Reached skill level 5 in Ice Magic
  5099 | D:4      | Found a stormy altar of Qazlal.
  5154 | D:4      | Reached XP level 7. HP: 37/52 MP: 4/12
  5595 | D:4      | Found a burning altar of Makhleb.
  5595 | D:4      | Noticed a cacodemon
  5610 | D:4      | Demolished by an ogre

Vault maps used:
D:1:      minmay_arrival_floating_metal, serial_aquarium,
          aquarium_bridge_long_separate, aquarium_window_fake,
          aquarium_window_corner, aquarium_view_2e, aquarium_balcony_3b,
          roderic_lattice_a
D:2:      guppyfry_early_orc_mine
D:3:      corexii_shack_village, first_ration, portal_sewer_entry_e
D:4:      kennysheep_mini_moat, makhleb_altar_promises_db
Sewer:    sewer_fruit_machine

Skill      XL: |  1  2  3  4  5  6 |
---------------+-------------------+-----
Dodging        | 3 4 |  4.6
Fighting       | 1 2 3 |  3.4
Ice Magic      | 4 5 |  5.0
Stealth        | 3 |  3.2
Spellcasting   | 3 |  3.8
Polearms       | 1 |  1.9
Conjurations   | |  0.7
Charms         | |  0.7

Action                   |  1- 3 |  4- 6 |  7- 9 || total
-------------------------+-------+-------+-------++-------
Melee: Dagger            |    83 |    60 |       ||   143
       Unarmed           |     2 |       |       ||     2
       Trident           |       |   145 |    15 ||   160
       Tailslap          |       |     3 |       ||     3
Throw: Javelin           |       |     3 |     1 ||     4
       Stone             |       |     1 |       ||     1
 Cast: Freeze            |    47 |   109 |    13 ||   169
       Ozocubu's Armour  |       |    10 |     1 ||    11
  Use: Scroll            |       |     2 |     1 ||     3
 Stab: Sleeping          |     4 |    16 |     2 ||    22
       Distracted        |       |     2 |       ||     2
  Eat: Chunk             |     4 |    12 |     2 ||    18
Armor: Robe              |    18 |    31 |     2 ||    51
Dodge: Dodged            |    73 |   165 |    17 ||   255

Table legend:
 A = Spawn XP
 B = Non-spawn XP
 C = Spawn XP percentage of total XP
 D = Spawn monster count
 E = Non-spawn monster count
 F = Spawn count percentage of total count
 G = Total turns spent on level
                    A         B        C        D         E        F      G
               +---------+---------+-------+---------+---------+-------+---------
         Total |       0 |     731 |   0.0 |       0 |     139 |   0.0 |  5610
               +---------+---------+-------+---------+---------+-------+---------
           D:1 |       0 |      32 |   0.0 |       0 |      18 |   0.0 |  1158
           D:2 |       0 |      85 |   0.0 |       0 |      33 |   0.0 |  1358
           D:3 |       0 |     108 |   0.0 |       0 |      35 |   0.0 |   890
           D:4 |       0 |     419 |   0.0 |       0 |      29 |   0.0 |  1451
         Sewer |       0 |      87 |   0.0 |       0 |      24 |   0.0 |   753
               +---------+---------+-------+---------+---------+-------+---------
